 Dungeon Crawl Stone Soup version 0.30-b1-2-g02819fbbbe (webtiles) character file.

Game seed: 15455584716651840151

3479 LLlMATKO the Fighter (level 9, -7/124 HPs)
             Began as a Minotaur Berserker on Aug 10, 2023.
             Was a Priest of Trog.
             Mangled by Erica
             ... wielding a +4 scimitar of flaming
              (14 damage)
             ... on level 8 of the Dungeon.
             The game lasted 00:06:36 (7486 turns).

LLlMATKO the Fighter (Minotaur Berserker)           Turns: 7486, Time: 00:06:37

Health: -7/124     AC: 15    Str: 26    XL:     9   Next: 79%
Magic:  8/8        EV: 11    Int:  4    God:    Trog [***...]
Gold:   378        SH:  4    Dex: 10    Spells: 8/8 levels left

rFire   + . .        G - +3 hand axe
rCold   . . .        C - +0 buckler
rNeg    . . .        b - +2 chain mail {rF+}
rPois   .            (helmet restricted)
rElec   .            (no cloak)
rCorr   .            i - +0 pair of gloves
SInv    .            E - +0 pair of boots
Will    .....        (no amulet) Stlth
                     (no ring)
HPRegen 0.40/turn    (no ring)
MPRegen 0.11/turn

%: no passive effects
@: berserking, slowed
A: horns 2, retaliatory headbutt
a: Renounce Religion, Berserk, Trog's Hand


You were on level 8 of the Dungeon.
You worshipped Trog.
Trog was most pleased with you.
You visited 1 branch of the dungeon, and saw 8 of its levels.

You collected 378 gold pieces.

Inventory:

Hand Weapons
 G - a +3 hand axe (weapon)
Missiles
 d - a throwing net (quivered)
 y - 2 javelins
 z - 2 poisoned darts
Armour
 b - a +2 chain mail of fire resistance (worn)
 i - a +0 pair of gloves (worn)
 C - a +0 buckler (worn)
 E - a +0 pair of boots (worn)
Jewellery
 j - a ring of see invisible
Wands
 n - a wand of acid (6)
 D - a wand of polymorph (6)
Scrolls
 c - 12 scrolls of identify {unknown}
 e - 4 scrolls of fear {unknown}
 f - 6 scrolls of vulnerability {unknown}
 g - 3 scrolls of teleportation {unknown}
 h - 4 scrolls of enchant weapon {unknown}
 p - a scroll of enchant armour {unknown}
 r - 2 scrolls of noise {unknown}
 t - a scroll of acquirement {unknown}
 u - a scroll of magic mapping {unknown}
 v - a scroll of butterflies {unknown}
 A - 2 scrolls of immolation {unknown}
 B - a scroll of brand weapon {unknown}
Potions
 k - 2 potions of haste {unknown}
 l - 3 potions of lignification {unknown}
 m - 2 potions of might {unknown}
 o - a potion of cancellation {unknown}
 q - 3 potions of heal wounds {unknown}
 s - a potion of degeneration {unknown}
 w - 2 potions of curing {unknown}
 x - a potion of attraction {unknown}
 F - a potion of magic {unknown}


   Skills:
 + Level 9.0 Fighting
 + Level 9.0 Axes
 + Level 8.6 Armour
 + Level 7.8 Dodging
 + Level 3.0 Shields


You had 8 spell levels left.
You didn't know any spells.
Your spell library was empty.

Dungeon Overview and Level Annotations

Branches:
Dungeon (8/15)             Temple (0/1) D:7
   Lair: D:8-11

Altars:
Cheibriados
Dithmenos
Elyvilon
Fedhas
Kikubaaqudgha
Nemelex Xobeh
Zin
The Shining One

Shops:
D:5 [

Annotations:
D:8 Erica


Innate Abilities, Weirdness & Mutations

You have a pair of horns on your head.
You reflexively headbutt those who attack you in melee.


Message History

No target in view!
You feel very sick.
You feel as though you will be slow longer.
You feel very sick. Something hits you. Something burns you.
No target in view!
No target in view!
You hit something.
You feel sick. Something hits you! Something burns you. Something hits you.
You are too injured to fight recklessly!
You slash something! Your headbutt misses something.
You feel sick. Something hits you. Something burns you.
You are too injured to fight recklessly!
You hit something.
You feel sick. Something hits you.
* * * LOW HITPOINT WARNING * * *
Something burns you.
* * * LOW HITPOINT WARNING * * *
You are too injured to fight recklessly!
A red film seems to cover your vision as you go berserk!
You feel yourself moving faster!
You feel mighty!
You feel sick.
You hear some strange, mumbled words.
Something tries to affect you, but you resist.
You miss something.
You feel sick.
You are no longer poisoned.
You hear some strange, mumbled words.
A lance of force appears from out of thin air!
You block the lance of force.
You miss something. Something hits you but does no damage.
You slash something! Something hits you.
* * * LOW HITPOINT WARNING * * *
Something burns you.
* * * LOW HITPOINT WARNING * * *
You slash something! Something hits you!
* * * LOW HITPOINT WARNING * * *
Something burns you.
* * * LOW HITPOINT WARNING * * *
You miss something. Your headbutt misses something.
Something hits you but does no damage.
You slash something! Something hits you!
You die...

... ... ##..
..# ..# .. #.#
##.. #{# #.
#..# #@# #..
#..# #.# #.#
#..# #.# #.#
#..# #.###.#
#..# #..#..#
#†.# ##....#
#<.#
###..##########
##.#
##...#.........
#.#
#..#...########


There were no monsters in sight!

Vanquished Creatures
  A two-headed ogre (D:5)
  Sigmund (D:4)
  A wraith (D:7)
  A wyvern (D:8)
  A steam dragon (D:6)
  A water moccasin (D:8)
  2 sky beasts
  A black bear (D:6)
  2 ice beasts
  3 ogres
  The ghost of diceflayer the Chopper, an amateur DsGl (D:3)
  2 phantoms
  A scorpion (D:5)
  4 bullfrogs (D:7)
  4 wights (D:7)
  2 vampire bats (D:5)
  An orc priest (D:4)
  4 jellies
  Ijyb (D:3)
  Terence (D:3)
  2 iguanas
  6 orc wizards
  Natasha (thrice) (D:3)
  4 gnolls (D:4)
  4 adders
  A white imp (D:8)
  3 worms
  3 dart slugs
  16 orcs
  6 ball pythons
  2 bat skeletons (D:5)
  4 bat zombies (D:5)
  9 endoplasms
  3 giant cockroaches
  7 goblins
  4 hobgoblins
  8 jackals
  5 quokkas
  4 bats (D:1)
  4 frilled lizards
  6 kobolds
  4 rats
143 creatures vanquished.

Notes
Turn   | Place    | Note
-------+----------+-------------------------------------------
     0 | D:1      | LLlMATKO the Minotaur Berserker began the quest for the
                  | Orb.
     0 | D:1      | Reached XP level 1. HP: 19/19 MP: 0/0
    65 | D:1      | Found a faded altar of an unknown god.
   249 | D:1      | Reached XP level 2. HP: 27/27 MP: 1/1
  1242 | D:2      | Reached XP level 3. HP: 24/33 MP: 2/2
  1332 | D:2      | Reached ** piety under Trog
  1836 | D:2      | Reached XP level 4. HP: 40/40 MP: 3/3
  2078 | D:3      | Noticed Terence
  2088 | D:3      | Killed Terence
  2175 | D:3      | Found a runed translucent door.
  2175 | D:3      | Noticed diceflayer's ghost (amateur DsGl)
  2217 | D:3      | Noticed Natasha
  2222 | D:3      | Killed Natasha
  2410 | D:3      | Noticed Ijyb
  2421 | D:3      | Killed Ijyb
  2422 | D:3      | Reached XP level 5. HP: 40/47 MP: 4/4
  2430 | D:3      | Identified the +2 whip of Defence {elec, rPois rF- Str+3
                  | Dex+6}
  2575 | D:3      | Noticed Natasha
  2581 | D:3      | Killed Natasha
  2690 | D:3      | Noticed Natasha
  2695 | D:3      | Killed Natasha
  2998 | D:3      | Killed diceflayer's ghost
  2999 | D:3      | Reached skill level 5 in Fighting
  2999 | D:3      | Reached skill level 5 in Axes
  2999 | D:3      | Reached XP level 6. HP: 56/56 MP: 5/5
  3070 | D:4      | Noticed Sigmund
  3086 | D:4      | Killed Sigmund
  3331 | D:4      | Reached skill level 5 in Armour
  3335 | D:4      | Reached XP level 7. HP: 62/62 MP: 6/6
  3522 | D:4      | Reached skill level 5 in Dodging
  4036 | D:4      | Reached *** piety under Trog
  4076 | D:4      | Found a white marble altar of Elyvilon.
  4180 | D:5      | Entered Level 5 of the Dungeon
  4217 | D:5      | Noticed a two-headed ogre
  4227 | D:5      | Reached XP level 8. HP: 46/71 MP: 7/7
  4228 | D:5      | Killed a two-headed ogre
  4394 | D:5      | Found an ancient bone altar of Kikubaaqudgha.
  4539 | D:5      | Found Pizeimut's Antique Armour Shop.
  4648 | D:5      | Reached XP level 9. HP: 45/81 MP: 8/8
  4878 | D:5      | Found a snail-covered altar of Cheibriados.
  5008 | D:5      | Found a blossoming altar of Fedhas.
  5398 | D:6      | Found a glowing silver altar of Zin.
  5672 | D:6      | Found a shadowy altar of Dithmenos.
  6406 | D:7      | Reached skill level 1 in Shields
  6553 | D:7      | Found a staircase to the Ecumenical Temple.
  6842 | D:7      | Found a glowing golden altar of the Shining One.
  6903 | D:7      | Found a sparkling altar of Nemelex Xobeh.
  7470 | D:8      | Noticed Erica
  7486 | D:8      | Mangled by Erica

Illustrated notes

Levels and vault maps discovered:
D:1:      sevenhm_arrival_forest_fort_small_4, layout_basic,
          shapermc_ecumenical_altar_acropolis, minmay_pentomino_w2
D:2:      layout_basic
D:3:      layout_basic, gammafunk_ghost_grave, uniq_terence, uniq_natasha,
          uniq_ijyb
D:4:      layout_basic, nicolae_overflow_hidden_temple, uniq_sigmund
D:5:      layout_loops_ring, kennysheep_vampire_church, kennysheep_slug_shrine,
          nicolae_overflow_crystal_walls, serial_shops, nicolae_stop_n_shop_1,
          kennysheep_dice
D:6:      layout_basic, nicolae_dithmenos_the_darkroom,
          mainiacjoe_overflow_brackets
D:7:      layout_loops_ring, tso_altar, nemelex_diamond_rough_becter,
          minmay_temple_entry_junction
D:8:      layout_rooms, mainiacjoe_overflow_catwalk, uniq_erica

Skill      XL: |  1  2  3  4  5  6  7  8  9 |
---------------+----------------------------+-----
Fighting       | 4 5 6 7 9 |  9.0
Armour         | 3 4 5 6 7 8 |  8.6
Axes           | 4 5 6 7 9 |  9.0
Dodging        | 3 4 5 6 7 |  7.8
Shields        | 3 |  3.0

Action                     |  1- 3 |  4- 6 |  7- 9 || total
---------------------------+-------+-------+-------++-------
  Melee: Hand axe          |    91 |    88 |   249 ||   428
         Headbutt          |     6 |    13 |    47 ||    66
         Punch             |       |     1 |     2 ||     3
 Invoke: Berserk           |       |     6 |     6 ||    12
         Trog's Hand       |       |     1 |       ||     1
 Armour: Animal skin       |    20 |       |       ||    20
         Chain mail        |       |    46 |   122 ||   168
  Dodge: Dodged            |    72 |    30 |   111 ||   213
  Block: Buckler           |       |       |     6 ||     6
